 Dungeon Crawl Stone Soup version 0.27.0-1-g7a089689b8 (webtiles) character file.

Game seed: 12913339954966831805

371 comex the Ruffian (level 6, -1/61 HPs)
             Began as a Troll Monk on Aug 12, 2021.
             Slain by an ogre (27 damage)
             ... on level 4 of the Dungeon.
             The game lasted 00:23:30 (2496 turns).

comex the Ruffian (Troll Monk)                      Turns: 2496, Time: 00:23:31

Health: -1/61      AC:  5    Str: 22    XL:     6   Next: 42%
Magic:  5/5        EV: 11    Int:  6    God:
Gold:   79         SH:  0    Dex: 12    Spells: 5/5 levels left

rFire    . . .     SeeInvis .     - Unarmed
rCold    . . .     Faith    .   (no shield)
rNeg     + . .     Spirit   .   a - +0 robe
rPois    .         Reflect  .   (helmet restricted)
rElec    .         Harm     .   g - +0 cloak
rCorr    .         Rampage  .   (gloves unavailable)
Will     +....                  (boots unavailable)
Stlth    ++........             s - amulet of regeneration
HPRegen  2.20/turn              e - ring of positive energy
MPRegen  0.09/turn              u - ring of willpower

@: no status effects
A: large, unfitting armour, claws 3, regeneration 1, shaggy fur 1, tough skin 1
a: no special abilities


You were on level 4 of the Dungeon.
You visited 1 branch of the dungeon, and saw 4 of its levels.

You collected 214 gold pieces.
You spent 135 gold pieces at shops.

Inventory:

Missiles
 i - 29 arrows
 j - 11 boomerangs (quivered)
 l - 20 bolts
 p - 24 stones
Armour
 a - a +0 robe (worn)
 f - a +0 ring mail
 g - a +0 cloak (worn)
 n - a +0 robe
 r - a +0 helmet
Magical Staves
 c - a staff of conjuration
Jewellery
 e - a ring of positive energy (left claw)
 s - an amulet of regeneration (around neck)
 u - a ring of willpower (right claw)
Scrolls
 d - 6 scrolls of teleportation
 k - a scroll of amnesia {unknown}
 o - a scroll of summoning {unknown}
 v - a scroll of blinking {unknown}
Potions
 b - a potion of berserk rage
 m - a potion of lignification {unknown}
 q - a potion of flight {unknown}
 t - a potion of brilliance {unknown}


   Skills:
 * Level 3.6 Fighting
 * Level 3.8 Dodging
 + Level 1.8 Stealth
 * Level 4.7 Unarmed Combat


You had 5 spell levels left.
You didn't know any spells.
Your spell library contained the following spells:

 Spells                   Type           Power      Damage    Failure   Level
 Summon Lightning Spire   Summ/Air       0%         N/A       99%         4
 Silence                  Hex/Air        0%         N/A       100%        5
 Death's Door             Necr           0%         N/A       100%        9


Dungeon Overview and Level Annotations

Branches:
Dungeon (4/15)
 Temple: D:4-7

Altars:
The Shining One

Shops:
D:3 [


Innate Abilities, Weirdness & Mutations

You are too large for most types of armour.
You have claws for hands.
Your natural rate of healing is unusually fast.
You are covered in fur. (AC +1)
You have tough skin. (AC +1)


Message History

You claw the ogre!
You kill the ogre!
You scratch the orc.
The orc is moderately wounded.
The orc barely misses you. The goblin hits you with a +0 whip.
You barely miss the orc.
The orc is moderately wounded.
The orc closely misses you. The goblin hits you with a +0 whip.
You completely miss the orc.
The orc is moderately wounded.
The orc closely misses you. The goblin closely misses you.
You scratch the orc.
You kill the orc!
The goblin barely misses you.
You claw the ogre!
The ogre is heavily wounded.
The ogre closely misses you. The goblin hits you but does no damage.
You barely miss the ogre.
The ogre is heavily wounded.
The ogre barely misses you. The goblin hits you with a +0 whip.
You barely miss the ogre.
The ogre is heavily wounded.
The goblin hits you with a +0 whip.
The ogre hits you with a +0 giant club!!
You claw the ogre!
The ogre is severely wounded.
The goblin barely misses you.
You barely miss the ogre.
The ogre is severely wounded.
The ogre barely misses you.
You barely miss the ogre.
The ogre is severely wounded.
The goblin hits you but does no damage.
The ogre hits you with a +0 giant club!!
* * * LOW HITPOINT WARNING * * *
You feel better. The goblin barely misses you.
You claw the ogre!
The ogre is almost dead.
The ogre hits you with a +0 giant club!!
You die...

#...........
#...........
#...........
#...........
.
####'#.....#
..
#...#.....#
...
#...'.....+
...) #.Og#
..# .....
#.@.# .#
......##...#
#
.......'...#
.......#...#
.......#...#
.......#...#
.......#...#
......######
...... #..


You could see an ogre and a goblin.

Vanquished Creatures
  An ogre (D:4)
  2 orc priests
  2 iguanas
  An orc wizard (D:4)
  A howler monkey skeleton (D:4)
  3 adders
  3 gnolls (D:2)
  An adder skeleton (D:4)
  2 worms
  10 orcs
  4 endoplasms
  2 giant cockroaches (D:3)
  5 goblins
  8 hobgoblins
  3 jackals (D:3)
  6 kobolds
  A quokka (D:1)
  4 ball pythons
  5 bats
  A frilled lizard (D:2)
  4 rats
  A bush (D:2)
70 creatures vanquished.

Notes
Turn   | Place    | Note
-------+----------+-------------------------------------------
     0 | D:1      | comex the Troll Monk began the quest for the Orb.
     0 | D:1      | Reached XP level 1. HP: 22/22 MP: 0/0
   429 | D:1      | Reached XP level 2. HP: 29/29 MP: 1/1
   763 | D:2      | Reached XP level 3. HP: 32/36 MP: 2/2
  1012 | D:2      | Reached XP level 4. HP: 42/44 MP: 3/3
  1371 | D:3      | Reached skill level 4 in Unarmed Combat
  1630 | D:3      | Reached XP level 5. HP: 32/53 MP: 4/4
  1711 | D:3      | Got the Compendium of Dark Secrets and Lightness
  1764 | D:3      | Found a glowing golden altar of the Shining One.
  1795 | D:3      | Found Repubuh's Antique Armour Boutique.
  1807 | D:3      | Bought a cloak for 135 gold pieces
  2298 | D:4      | Reached XP level 6. HP: 61/61 MP: 5/5
  2496 | D:4      | Slain by an ogre

Illustrated notes

Levels and vault maps discovered:
D:1:      lightli_iron_boxes, layout_basic
D:2:      layout_rooms, serial_park_tiny_2
D:3:      wander_river, layout_basic, general_overflow_altar, serial_shops,
          nicolae_diamond_shop, chequers_serial_rivers_room_b
D:4:      layout_gridville, serial_shops, shop

Skill      XL: |  1  2  3  4 |
---------------+-------------+-----
Dodging        | 3 |  3.8
Unarmed Combat | 4 |  4.7
Fighting       | 3 |  3.6
Stealth        | |  1.8

Action                   |  1- 3 |  4- 6 || total
-------------------------+-------+-------++-------
Melee: Unarmed           |   116 |   116 ||   232
       Punch             |     2 |     2 ||     4
  Use: Scroll            |       |     5 ||     5
       Potion            |       |     1 ||     1
 Stab: Sleeping          |       |     4 ||     4
Armor: Robe              |    24 |    23 ||    47
Dodge: Dodged            |    53 |    45 ||    98
